 Dungeon Crawl Stone Soup version 0.30-a0-585-g93115170b9 (webtiles) character file.

Game seed: 8324200723788397412

595 sokol815 the Sneak (level 7, -1/46 HPs)
             Began as an Octopode Delver on Jan 3, 2023.
             Shot with an arrow by a centaur (11 damage)
             ... on level 5 of the Dungeon.
             The game lasted 00:08:06 (4119 turns).

sokol815 the Sneak (Octopode Delver)                Turns: 4119, Time: 00:08:07

Health: -1/46      AC:  1    Str: 11    XL:     7   Next: 40%
Magic:  0/7        EV: 13    Int: 21    God:
Gold:   306        SH:  0    Dex: 13    Spells: 3/6 levels left

rFire   . . .      SeeInvis .    a - +1 spear (flame)
rCold   . . .      Faith    .    (no shield)
rNeg    . . .      Spirit   .    (helmet restricted)
rPois   .          Reflect  .    (no amulet)
rElec   .          Harm     .    I - +6 ring of intelligence
rCorr   .          Rampage  .    W - ring of willpower
Will    +....                    (no ring)
Stlth   ++++                     (no ring)
HPRegen 0.27/turn                (no ring)
MPRegen 0.10/turn                (no ring)
                                 (no ring)
                                 (no ring)

@: no status effects
A: almost no armour, amphibious, 8 rings, camouflage 1, gelatinous body 1,
(nimble swimmer 1), tentacles
a: no special abilities


You were on level 5 of the Dungeon.
You visited 2 branches of the dungeon, and saw 6 of its levels.

You collected 306 gold pieces.

Inventory:

Hand Weapons
 a - a +1 spear of flaming (weapon)
   (You found it on level 1 of the Dungeon)
 c - a +2 vampiric hand axe
   (You found it on level 1 of the Dungeon)
 l - a +0 spear of flaming
Missiles
 e - 4 boomerangs
 f - 5 poisoned darts
 s - 20 stones
Magical Staves
 h - a staff of death {rN+}
   (You found it on level 2 of the Dungeon)
Jewellery
 I - a +6 ring of intelligence (left tentacle)
   (You found it on level 3 of the Dungeon)
 W - a ring of willpower (right tentacle)
   (You found it on level 4 of the Dungeon)
Wands
 d - a wand of digging (11)
 q - a wand of flame (18)
   (You found it on level 5 of the Dungeon)
Scrolls
 b - 3 scrolls of fog
 m - 2 scrolls of brand weapon
 E - a scroll of fear
 X - 3 scrolls of magic mapping {@r4!r}
Potions
 g - 3 potions of flight {unknown}
 i - a potion of might {unknown}
 j - a potion of invisibility
 k - a potion of heal wounds {unknown}
 B - 2 potions of brilliance
 H - a potion of haste
 J - 9 potions of curing {@q1}
 P - 2 potions of lignification {!q}


   Skills:
 - Level 3.0 Fighting
 + Level 5.1 Polearms
 - Level 2.0 Dodging
 - Level 6.6 Stealth
 * Level 5.9 Conjurations


You had 3 spell levels left.
You knew the following spells:

 Your Spells              Type           Power      Damage    Failure   Level
a - Magic Dart            Conj           100%       1d8       1%          1
b - Searing Ray           Conj           50%        2d6       2%          2

Your spell library contained the following spells:

 Spells                   Type           Power      Damage    Failure   Level
 Ignite Poison            Fire/Tmut/Pois 0%         N/A       47%         3
 Fulminant Prism          Conj/Hex       6%         3d6       47%         4
 Sticky Flame             Conj/Fire      12%        2d4       47%         4
 Ignition                 Fire           0%         3d3       100%        8


Dungeon Overview and Level Annotations

Branches:
Dungeon (5/15) Zot: 23451  Temple (1/1) D:4 Zot: 5956

Altars:
Ashenzari
Cheibriados
Dithmenos
Fedhas
Qazlal
Sif Muna
Trog
Uskayaw
The Shining One
Lugonu

Shops:
D:1 (


Innate Abilities, Weirdness & Mutations

You cannot wear most types of armour.
You are amphibious.
You can wear up to eight rings at the same time.
Your skin changes colour to match your surroundings (Stealth+).
Your rubbery body absorbs attacks. (AC +1, EV +1)
((You are camouflaged when in or above water. (Stealth+)))
You have tentacles for arms and can constrict up to eight enemies at once.


Message History

You start resting.
A gnoll is nearby!
You start resting.
MP restored: 7
Things that are here:
a +0 flail; a +0 flail; a gnoll corpse You see here a scroll of immolation {!r}.
You see here a +0 ring mail.
There is an open door here.
There is an open door here.
A necrophage comes into view.
The searing ray hits the necrophage. (Press . to maintain the ray.)
You now have 5/7 mp.
The searing ray hits the necrophage.
You now have 4/7 mp.
The searing ray hits the necrophage.
You now have 3/7 mp.
The searing ray hits the necrophage!
You finish channelling your searing ray.
The necrophage hits you.
You feel drained.
You take 8 damage, and have 38/44 hp.
You now have 2/7 mp.
You hit the necrophage. You burn the necrophage. You grab the necrophage.
You squeeze the necrophage. You constrict the necrophage.
The necrophage barely misses you.
You hit the necrophage but do no damage.
You squeeze the necrophage, but do no damage.
You constrict the necrophage.
You destroy the necrophage!
Your life force feels restored.
Your Polearms skill increases to level 5!
You start resting.
Health restored: 46; MP restored: 7 You now have 306 gold pieces (gained 8).
The searing ray hits the gnoll. (Press . to maintain the ray.)
You now have 5/7 mp.
The searing ray hits the gnoll.
The gnoll hits you from afar with a +0 spear!
You take 7 damage, and have 39/46 hp.
You now have 4/7 mp.
The searing ray hits the gnoll.
You kill the gnoll!
You now have 3/7 mp.
n - a scroll labelled ROTEQO REUPH You see here a +0 spear.
Health restored: 46; MP restored: 7
As you read the scroll labelled ROTEQO REUPH, it crumbles to dust.
You hear a loud clanging noise!
It was a scroll of noise.
The gnoll sergeant shouts!
You hear an angry hiss.
You hear a shout! x6
An iguana comes into view.
The searing ray hits the gnoll sergeant. (Press . to maintain the ray.)
You now have 5/7 mp.
The searing ray hits the gnoll sergeant.
The gnoll sergeant hits you from afar with a +4 heavy trident!!
You take 20 damage, and have 26/46 hp.
MASSIVE DAMAGE!!
You now have 4/7 mp.
The searing ray hits the gnoll sergeant.
You now have 3/7 mp.
The searing ray hits the gnoll sergeant but does no damage.
You finish channelling your searing ray.
The gnoll sergeant throws a stone.
The stone closely misses you.
You now have 2/7 mp.
Aim: a gnoll sergeant, wielding a +4 heavy trident, wearing a +0 ring mail and quivering stones (heavily wounded, 85% to hit)
The searing ray hits the gnoll sergeant.
The searing ray hits the iguana but does no damage. (Press . to maintain the ray.)
The gnoll sergeant throws a stone.
The stone barely misses you.
You now have 0/7 mp.
Without enough magic to sustain it, your searing ray dissipates.
The gnoll sergeant completely misses you.
Reach: a) +1 spear (flame)
Aim: a gnoll sergeant, wielding a +4 heavy trident, wearing a +0 ring mail and quivering stones (severely wounded, about 29% to evade your +1 spear of flaming)
You reach to attack!
You barely miss the gnoll sergeant.
The gnoll sergeant hits you from afar with a +4 heavy trident!
* * * LOW HITPOINT WARNING * * *
You take 15 damage, and have 12/46 hp.
MASSIVE DAMAGE!!
Reach: a) +1 spear (flame)
Aim: a gnoll sergeant, wielding a +4 heavy trident, wearing a +0 ring mail and quivering stones (severely wounded, about 29% to evade your +1 spear of flaming)
You reach to attack!
You hit the gnoll sergeant but do no damage.
A centaur comes into view.
Reach: a) +1 spear (flame)
Aim: a gnoll sergeant, wielding a +4 heavy trident, wearing a +0 ring mail and quivering stones (severely wounded, about 29% to evade your +1 spear of flaming)
You reach to attack!
You hit the gnoll sergeant but do no damage.
The centaur wields a +0 shortbow.
The centaur shoots an arrow.
The arrow closely misses you.
The gnoll sergeant throws a stone.
The stone hits you.
* * * LOW HITPOINT WARNING * * *
You take 2 damage, and have 10/46 hp.
Reach: a) +1 spear (flame)
Aim: a gnoll sergeant, wielding a +4 heavy trident, wearing a +0 ring mail and quivering stones (severely wounded, about 29% to evade your +1 spear of flaming)
You reach to attack!
You hit the gnoll sergeant. You burn the gnoll sergeant.
The centaur shoots an arrow.
The arrow hits you!
You die...

#. #. ############.
###..........#.
....########.#. .##
....# #.#.####.....
....# #.#..@.gl#
....########.##.###.#
....[...............#
###.#######....c.##.#
#.# #...)..'..# #.#
#......##.#
#.........#
#.......#...
#......## ..


You could see a gnoll sergeant, a centaur and an iguana.

Vanquished Creatures
  Grinder (D:3)
  A necrophage (D:5)
  A scorpion (D:2)
  A hound (D:4)
  An iguana (D:4)
  Ijyb (D:4)
  Natasha (thrice) (D:2)
  3 gnolls (D:5)
  An adder (D:5)
  2 worms
  2 dart slugs (D:3)
  4 orcs
  6 ball pythons
  6 endoplasms
  6 giant cockroaches
  4 goblins
  10 hobgoblins
  A quokka (D:4)
  7 bats
  3 frilled lizards
  5 kobolds
  8 rats
77 creatures vanquished.

Notes
Turn   | Place    | Note
-------+----------+-------------------------------------------
     0 | D:5      | sokol815 the Octopode Delver began the quest for the Orb.
     0 | D:5      | Reached XP level 1. HP: 16/16 MP: 1/1
    56 | D:5      | Reached XP level 2. HP: 13/21 MP: 2/2
    61 | D:5      | Found a blossoming altar of Fedhas.
   111 | D:5      | Noticed a gnoll sergeant
   120 | D:5      | Learned a level 1 spell: Magic Dart
   220 | D:4      | Reached skill level 3 in Polearms
   227 | D:3      | Reached skill level 1 in Conjurations
   227 | D:3      | Found a faded altar of an unknown god.
   275 | D:3      | Reached XP level 3. HP: 23/26 MP: 3/3
   635 | D:1      | Reached skill level 2 in Conjurations
   768 | D:1      | Found Gemaurph's Weapon Shop.
   904 | D:1      | Reached XP level 4. HP: 28/31 MP: 4/4
  1409 | D:2      | Noticed Natasha
  1420 | D:2      | Killed Natasha
  1694 | D:2      | Noticed a scorpion
  1883 | D:2      | Noticed Natasha
  1889 | D:2      | Killed Natasha
  1890 | D:2      | Reached skill level 3 in Conjurations
  1890 | D:2      | Reached XP level 5. HP: 23/36 MP: 5/5
  1990 | D:3      | Noticed Grinder
  2059 | D:3      | Killed Grinder
  2060 | D:3      | Reached skill level 4 in Polearms
  2060 | D:3      | Reached skill level 4 in Conjurations
  2060 | D:3      | Reached XP level 6. HP: 33/42 MP: 6/6
  2518 | D:3      | Learned a level 2 spell: Searing Ray
  2729 | D:4      | Found a shadowy altar of Dithmenos.
  3045 | D:4      | Found a staircase to the Ecumenical Temple.
  3051 | Temple   | Entered the Ecumenical Temple
  3140 | D:4      | Reached skill level 5 in Conjurations
  3143 | D:4      | Noticed Ijyb
  3152 | D:4      | Killed Ijyb
  3538 | D:2      | Noticed Natasha
  3548 | D:2      | Killed Natasha
  3549 | D:2      | Reached XP level 7. HP: 32/46 MP: 7/7
  3983 | D:5      | Reached skill level 5 in Polearms
  4118 | D:5      | HP: 10/46 [gnoll sergeant/stone (2)]
  4119 | D:5      | Shot with an arrow by a centaur

Illustrated notes

Levels and vault maps discovered:
D:1:      dpeg_arrival_chambers_temple_mockup, layout_basic, serial_shops, shop
D:2:      layout_basic, uniq_natasha
D:3:      layout_rooms, hellmonk_ecumenical_altar_pennies_from_heaven,
          corexii_leaking_fountain, uniq_grinder
D:4:      layout_loops_ring, mainiacjoe_overflow_boulevard,
          minmay_temple_entry_gardened_gates, serial_park_tiny_2, uniq_ijyb
D:5:      layout_basic, regret_index_temple_of_mockery,
          mainiacjoe_overflow_tiny_flanked, gammafunk_ghost_smash,
          nicolae_concentric_dashed_squares_wild, nrook_mini_vaults
Temple:   corrupted_temple

Skill      XL: |  1  2  3  4  5  6  7 |
---------------+----------------------+-----
Polearms       | 3 4 5 |  5.1
Conjurations   | 1 2 3 4 5 |  5.9
Fighting       | |  3.0
Dodging        | |  2.0
Stealth        | |  6.6

Action                   |  1- 3 |  4- 6 |  7- 9 || total
-------------------------+-------+-------+-------++-------
Melee: Spear             |    80 |    65 |     8 ||   153
       Constrict         |    14 |    15 |     2 ||    31
       Tentacles         |     6 |    11 |     2 ||    19
       Punch             |     3 |       |       ||     3
Throw: Stone             |    15 |    12 |       ||    27
 Cast: Magic Dart        |       |    22 |     1 ||    23
       Searing Ray       |       |     2 |     7 ||     9
  Use: Scroll            |     7 |     3 |     1 ||    11
       Potion            |       |     1 |       ||     1
 Stab: Sleeping          |    15 |     4 |       ||    19
       Distracted        |       |     1 |       ||     1
Armor: Skin              |     2 |     1 |     1 ||     4
Dodge: Dodged            |    15 |    19 |     7 ||    41

Table legend: (Time is in decaauts)
 A = Elapsed time spent in this place.
 B = Non-inter-level travel time spent in this place.
 C = Inter-level travel time spent in this place.
 D = Time resting spent in this place.
 E = Time spent auto-exploring this place.
 F = Levels seen in this place.
 G = Mean time per level.
                   A        B        C        D        E       F      G
               +--------+--------+--------+--------+--------+-----+--------+
         Total |   4096 |   3823 |    273 |    360 |   2898 |   6 |  682.7 |
       Dungeon |   4052 |   3792 |    260 |    360 |   2874 |   5 |  810.4 |
        Temple |     43 |     30 |     13 |      0 |     24 |   1 |   43.0 |
               +--------+--------+--------+--------+--------+-----+--------+

Top non-repeatable levels by time:
     D:2: 1085 daAuts
     D:4: 1035 daAuts
     D:1: 801 daAuts
     D:3: 581 daAuts
     D:5: 547 daAuts
  Temple: 43 daAuts

Table legend:
 A = Kills in this place as a percentage of kills in entire the game.
 B = Kills by you in this place as a percentage of kills by you in the entire game.
 C = Kills by friends in this place as a percentage of kills by friends in the entire game.
 D = Other kills in this place as a percentage of other kills in the entire game.
 E = Experience gained in this place as a percentage of experience gained in the entire game.
 F = Experience gained in this place divided by the number of levels of this place that you have seen.
                   A       B       C       D       E      F
               +-------+-------+-------+-------+-------+----------------------
         Total | 100.0 | 100.0 |   N/A |   N/A | 100.0 | 141.8
       Dungeon | 100.0 | 100.0 |   N/A |   N/A | 100.0 | 170.2
               +-------+-------+-------+-------+-------+----------------------
